 Dungeon Crawl Stone Soup version 0.22-a0-246-gdc04c06 (webtiles) character file.

31112 RoseArtemis the Bludgeoner (level 13, -8/115 HPs)
             Began as a Minotaur Fighter on Feb 22, 2018.
             Was a Priest of Wu Jian.
             Mangled by a death yak (9 damage)
             ... on level 6 of the Lair of Beasts.
             The game lasted 00:41:50 (18025 turns).

RoseArtemis the Bludgeoner (Minotaur Fighter)      Turns: 18025, Time: 00:41:51

Health: -8/115     AC: 12    Str: 28    XL:     13   Next: 24%
Magic:  0/17       EV:  2    Int:  5    God:    Wu Jian [***...]
Gold:   523        SH:  0    Dex: 13    Spells: 18/19 levels left

rFire    + . .     SeeInvis .   B - +7 great mace "Undeadhunter" {disrupt, rN+}
rCold    . . .     Gourm    .   (shield currently unavailable)
rNeg     + + +     Faith    .   G - +2 scale mail {rPois}
rPois    ∞         Spirit   +   x - +1 hat
rElec    .         Reflect  .   b - scarf {repulsion}
rCorr    .         Harm     .   H - +0 pair of gloves
MR       .....                  T - +0 pair of boots
Stlth    +.........             P - amulet "Jiusioqau" {Spirit rF+ rN+ Stlth+}
HPRegen  0.29/turn              z - ring of wizardry
MPRegen  0.15/turn              C - +5 ring of strength

@: petrified, repel missiles
A: retaliatory headbutt, horns 2
a: Wall Jump, Serpent's Lash, Renounce Religion


You were on level 6 of the Lair of Beasts.
You worshipped Wu Jian.
Wu Jian was most pleased with you.
You were not hungry.

You visited 3 branches of the dungeon, and saw 17 of its levels.

You collected 853 gold pieces.
You spent 330 gold pieces at shops.

Inventory:

Hand Weapons
 a - a +1 flail
 B - the +7 great mace "Undeadhunter" (weapon) {disrupt, rN+}
   (You found it on level 5 of the Dungeon)

   It protects you from negative energy.
Missiles
 M - 4 throwing nets (quivered)
Armour
 b - a scarf of repulsion (worn)
 x - a +1 hat (worn)
 G - a +2 scale mail of poison resistance (worn)
 H - a +0 pair of gloves (worn)
 T - a +0 pair of boots (worn)
Jewellery
 c - an uncursed amulet of magic regeneration
 z - a ring of wizardry (left hand)
 C - a +5 ring of strength (right hand)
 O - an uncursed amulet of faith
 P - the amulet "Jiusioqau" (around neck) {Spirit rF+ rN+ Stlth+}
   (You found it on level 1 of the Lair of Beasts)

   [amulet of guardian spirit]

   It causes incoming damage to be split between your health and magic.
   It protects you from fire.
   It protects you from negative energy.
   It makes you more stealthy.
 U - an uncursed ring of protection from cold {unknown}
Wands
 w - a wand of acid (18)
 y - a wand of clouds (8)
 E - a wand of random effects (41)
 F - a wand of disintegration (11)
 L - a wand of digging (13)
 N - a wand of enslavement (12)
 R - a wand of iceblast (23)
 S - a wand of flame (26)
Scrolls
 e - 2 scrolls of magic mapping
 h - 4 scrolls of enchant weapon
 l - 13 scrolls of remove curse
 o - a scroll of random uselessness {unknown}
 r - 6 scrolls of teleportation
 s - 5 scrolls of blinking
 t - a scroll of noise {unknown}
 I - a scroll of enchant armour {unknown}
 K - a scroll of vulnerability {unknown}
 Q - a scroll of fear
 W - a scroll of identify
Potions
 d - 2 potions of might
 g - 3 potions of ambrosia {unknown}
 i - a potion of mutation {unknown}
 j - 3 potions of lignification {unknown}
 k - 3 potions of heal wounds {unknown}
 m - 6 potions of curing
 n - 3 potions of agility {unknown}
 p - 3 potions of flight {unknown}
 q - 2 potions of magic {unknown}
 u - 2 potions of degeneration {unknown}
 v - 3 potions of brilliance {unknown}
 A - 2 potions of invisibility {unknown}
 D - a potion of haste {unknown}
 J - 2 potions of resistance {unknown}
 X - a potion of cancellation {unknown}
 Y - a potion of berserk rage {unknown}
Comestibles
 f - 24 rations
 V - 16 chunks of flesh


   Skills:
 + Level 10.8 Fighting
 - Level 20.0 Maces & Flails
 - Level 5.0 Armour
 + Level 8.6 Dodging
   Level 5.0 Shields
 + Level 3.8 Spellcasting


You had 18 spell levels left.
You knew the following spells:

 Your Spells              Type           Power        Failure   Level  Hunger
a - Animate Skeleton      Necr           N/A          28%         1    ##.....


Dungeon Overview and Level Annotations

Branches:
Dungeon (10/15)            Temple (1/1) D:7            Lair (6/6) D:10
 Shoals (0/4) Lair:3        Snake (0/4) Lair:2
  Slime: Lair:5-6       Orc: D:9-12

Altars:
Ashenzari
Cheibriados
Dithmenos
Elyvilon
Fedhas
Gozag
Hepliaklqana
Kikubaaqudgha
Makhleb
Nemelex Xobeh
Okawaru
Qazlal
Ru
Sif Muna
Trog
Uskayaw
Vehumet
Wu Jian
Xom
Yredelemnul
Zin
The Shining One

Shops:
D:4 (   D:6 [   D:7 (   D:8 %   D:9 }


Innate Abilities, Weirdness & Mutations

You reflexively headbutt those who attack you in melee.
You have a pair of horns on your head.


Message History

You are engulfed in calcifying dust.
The death yak gores you!
* * * LOW HITPOINT WARNING * * *
The death yak gores you. The catoblepas gores you!
* * * LOW HITPOINT WARNING * * *
The elephant tramples you!
* * * LOW HITPOINT WARNING * * *
You hold your ground!
The elephant trunk-slaps you but does no damage.
The death yak gores you!
* * * LOW HITPOINT WARNING * * *
You are engulfed in calcifying dust.
The death yak barely misses you. x2
The catoblepas breathes a plume of calcifying dust at you.
The blast of calcifying dust hits you! The elephant tramples you!
* * * LOW HITPOINT WARNING * * *
You hold your ground!
The elephant trunk-slaps you but does no damage.
The death yak gores you!!
* * * LOW HITPOINT WARNING * * *
You are engulfed in calcifying dust.
The death yak gores you!!
You die...

...P... ......
.###.(#....##
.......#.....
......#.#...#
........#...#
.<......#.YY# .
........#YY@# ... .
......#.#.YY#.Y..Y
.. #...#...YY# ...
#..##+..# #P..
#######.....#
#...#.⌠.#..#.#....#
#..#.............#.
#...⌠.<..+...⌠...+
.<
#..#.....#.......#
.


You could see 5 death yaks, a catoblepas and 2 elephants.

Vanquished Creatures
  Nessos (Lair:5)
  The ghost of Amnesiac the Prestidigitator, a journeyman KoAr of Gozag (Lair:1)
  Harold (Lair:4)
  2 hydras (Lair:5)
  A two-headed ogre (D:8)
  2 lindwurms (Lair:5)
  A merfolk siren (Lair:3)
  Joseph (D:10)
  5 elephants
  4 black mambas
  11 spiny frogs
  3 komodo dragons
  2 rime drakes
  A merfolk (D:10)
  A hornet (D:10)
  2 trolls (D:10)
  Grinder (D:5)
  6 hippogriffs
  8 blink frogs
  3 wyverns
  A wraith (D:10)
  17 yaks
  9 basilisks
  4 nagas (Lair:2)
  13 water moccasins
  6 orc warriors
  10 porcupines
  Purgy (D:3)
  4 sky beasts
  A hornet zombie (D:10)
  2 black bears
  A necrophage (D:9)
  6 ogres
  6 wolves (Lair:1)
  4 centaurs
  3 phantoms
  13 crocodiles
  Blork the orc (D:6)
  9 bullfrogs
  5 scorpions
  2 wyvern skeletons (D:6)
  4 killer bees (D:10)
  5 wights (D:8)
  2 electric eels (Lair:2)
  4 crimson imps
  6 hounds
  A quasit (D:9)
  A jelly (D:9)
  7 orc wizards
  2 bullfrog skeletons
  6 orc priests
  Crazy Yiuf (D:5)
  3 centaur skeletons
  3 iguanas
  9 worker ants
  5 hell rats (Lair:5)
  A hound skeleton (D:4)
  A howler monkey zombie (D:6)
  A gnoll (D:1)
  11 adders
  4 shadow imps
  3 oozes
  An adder skeleton (D:8)
  2 worms (D:2)
  2 dart slugs (D:1)
  7 leopard geckos
  33 orcs
  2 ball pythons
  5 giant cockroaches
  9 goblins
  8 hobgoblins
  13 jackals
  8 kobolds
  5 quokkas
  8 bats
  4 frilled lizards
  8 rats
  A butterfly (Lair:2)
371 creatures vanquished.

Vanquished Creatures (others)
  3 fungi
  7 plants
10 creatures vanquished.

Grand Total: 381 creatures vanquished

Notes
Turn   | Place    | Note
-------+----------+-------------------------------------------
     0 | D:1      | RoseArtemis the Minotaur Fighter began the quest for the Orb.
     0 | D:1      | Reached XP level 1. HP: 19/19 MP: 0/0
    96 | D:1      | Reached XP level 2. HP: 24/27 MP: 1/1
    98 | D:1      | Reached skill level 3 in Maces & Flails
   143 | D:1      | Reached XP level 3. HP: 18/33 MP: 2/2
  1064 | D:2      | Reached XP level 4. HP: 40/40 MP: 3/3
  1523 | D:3      | Reached skill level 4 in Maces & Flails
  1745 | D:3      | Reached XP level 5. HP: 47/47 MP: 4/4
  2195 | D:3      | Noticed Purgy
  2207 | D:3      | Killed Purgy
  2207 | D:3      | Reached skill level 5 in Maces & Flails
  2207 | D:3      | Reached XP level 6. HP: 38/55 MP: 5/5
  2285 | D:3      | Reached skill level 5 in Fighting
  2285 | D:3      | Reached skill level 5 in Shields
  2701 | D:4      | Found Beduiwu's Antique Weapon Shop.
  2726 | D:4      | Reached skill level 5 in Armour
  2889 | D:4      | Reached skill level 6 in Maces & Flails
  3249 | D:4      | Found a white marble altar of Elyvilon.
  3353 | D:4      | Reached XP level 7. HP: 59/61 MP: 6/6
  3612 | D:4      | Reached skill level 7 in Maces & Flails
  3627 | D:4      | Found an opulent altar of Gozag.
  3904 | D:5      | Entered Level 5 of the Dungeon
  4148 | D:5      | Noticed Grinder
  4154 | D:5      | Paralysed by Grinder for 3 turns
  4159 | D:5      | Killed Grinder
  4159 | D:5      | Reached skill level 8 in Maces & Flails
  4455 | D:5      | Found the +7 great mace "Undeadhunter" {disrupt, rN+}
  4465 | D:5      | Reached skill level 1 in Dodging
  4587 | D:5      | Reached XP level 8. HP: 70/70 MP: 7/7
  4667 | D:5      | Reached skill level 9 in Maces & Flails
  4707 | D:5      | Found a runed door.
  5073 | D:5      | Found a bloodstained altar of Trog.
  5073 | D:5      | Found a deep blue altar of Sif Muna.
  5074 | D:5      | Found a hazy altar of Hepliaklqana.
  5123 | D:5      | Noticed Crazy Yiuf
  5125 | D:5      | Killed Crazy Yiuf
  5270 | D:6      | Noticed Blork the orc
  5283 | D:6      | Killed Blork the orc
  5679 | D:6      | Reached skill level 10 in Maces & Flails
  5754 | D:6      | Found Nirru's Armour Emporium.
  5866 | D:6      | Bought a +2 scale mail of poison resistance for 198 gold pieces
  5937 | D:6      | Got a wavering tin ring
  6001 | D:6      | Reached XP level 9. HP: 47/79 MP: 8/8
  6649 | D:7      | Found Iliqekh's Weapon Shoppe.
  6864 | D:7      | Reached skill level 11 in Maces & Flails
  7015 | D:7      | Found a staircase to the Ecumenical Temple.
  7165 | Temple   | Entered the Ecumenical Temple
  7354 | Temple   | Became a worshipper of the Wu Jian Council
  7453 | D:8      | Reached skill level 5 in Dodging
  7544 | D:8      | Found Rosog Rafo's Food Emporium.
  7553 | D:8      | Reached skill level 12 in Maces & Flails
  7570 | D:8      | Identified the ring of the Devil's Team {Fire Str+3} (You found it on level 6 of the Dungeon)
  7884 | D:8      | Noticed a two-headed ogre
  7893 | D:8      | Killed a two-headed ogre
  7893 | D:8      | Reached skill level 13 in Maces & Flails
  7893 | D:8      | Reached XP level 10. HP: 46/88 MP: 9/9
  8178 | D:6      | Bought a scarf of repulsion for 132 gold pieces
  8331 | D:8      | Reached skill level 14 in Maces & Flails
  8733 | D:9      | Reached * piety under Wu Jian
  8815 | D:9      | Found Ytzepsev's Gadget Shoppe.
  9209 | D:9      | Found a shadowy altar of Dithmenos.
  9357 | D:10     | Entered Level 10 of the Dungeon
  9357 | D:10     | Noticed Joseph
  9371 | D:10     | Killed Joseph
  9501 | D:10     | Reached skill level 15 in Maces & Flails
  9645 | D:10     | Reached ** piety under Wu Jian
  9652 | D:10     | Reached skill level 16 in Maces & Flails
  9906 | D:10     | Found a staircase to the Lair.
 10015 | D:10     | Reached XP level 11. HP: 52/94 MP: 10/10
 10594 | Lair:1   | Entered Level 1 of the Lair of Beasts
 10978 | Lair:1   | Reached skill level 17 in Maces & Flails
 11639 | Lair:1   | Reached skill level 18 in Maces & Flails
 12139 | Lair:1   | Reached *** piety under Wu Jian
 12182 | Lair:1   | Got a faintly glowing bronze amulet
 12524 | Lair:1   | Noticed Amnesiac's ghost (journeyman KoAr)
 12531 | Lair:1   | Killed Amnesiac's ghost
 12871 | Lair:2   | Reached skill level 19 in Maces & Flails
 12884 | Lair:2   | Reached XP level 12. HP: 19/103 MP: 11/11
 13432 | Lair:2   | Found a staircase to the Snake Pit.
 14079 | Lair:2   | Learned a level 1 spell: Animate Skeleton
 14600 | Lair:3   | Reached skill level 1 in Spellcasting
 14734 | Lair:3   | Noticed Harold
 14866 | Lair:3   | Found a staircase to the Shoals.
 15457 | Lair:4   | Reached **** piety under Wu Jian
 15714 | Lair:4   | Killed Harold
 16428 | Lair:5   | Noticed Nessos
 16436 | Lair:5   | Killed Nessos
 16682 | Lair:5   | Identified the amulet "Jiusioqau" {Spirit rF+ rN+ Stlth+} (You found it on level 1 of the Lair of Beasts)
 16719 | Lair:5   | Reached skill level 20 in Maces & Flails
 16753 | Lair:5   | Reached skill level 10 in Fighting
 16979 | Lair:5   | Noticed a six-headed hydra
 16984 | Lair:5   | Killed a six-headed hydra
 16984 | Lair:5   | Reached XP level 13. HP: 76/113 MP: 10/16
 17990 | Lair:6   | Entered Level 6 of the Lair of Beasts
 18024 | Lair:6   | HP: 1/115 [death yak (8)]
 18025 | Lair:6   | Mangled by a death yak

Vault maps used:
D:1:      lightli_arrival_farm
D:3:      first_ration, uniq_purgy
D:4:      nicolae_gozag_cash_rules_everything_around_me, elyvilon_altar_1,
          serial_shops, nicolae_shop_stone, minmay_misc_feat_hallway,
          minmay_liquid_box, kennysheep_generic_room_7
D:5:      gammafunk_temple_overflow_claw, corner_web_ring,
          uniq_crazy_yiuf_cottage, uniq_grinder
D:6:      serial_shops, nicolae_shop_stone, grunt_ministairs_3,
          uniq_blork_the_orc
D:7:      lemuel_temple_firewalk_b, serial_shops, kennysheep_little_box
D:8:      serial_shops, nicolae_shop_crystal
D:9:      grunt_dithmenos_smoke, serial_shops, shop
D:10:     grunt_lair_entry_orc_guard_hut, hangedman_fish_farm,
          amethyst_killhole, uniq_joseph
Temple:   eino_temple_scatter_basement
Lair:1:   wad_woods_structure_01
Lair:2:   minmay_snake_entry_guardpost_small, dpeg_stationary_puzzle,
          lemuel_fruit_fields
Lair:3:   minmay_shoals_entry_lonely_mermaid, minmay_holes, uniq_harold
Lair:4:   kennysheep_basilisk_garden, infiniplex_staircase_pool_2,
          grunt_megastairs_4
Lair:5:   cheibrodos_lair_overgrown_chateau, uniq_nessos
Lair:6:   minmay_lair_end_frog_pond, minmay_slime_entry_jelly_boxes,
          grunt_megastairs_1

Skill      XL: |  1  2  3  4  5  6  7  8  9 10 11 12 13 |
---------------+----------------------------------------+-----
Maces & Flails | 3 4 5 6 8 10 13 16 19 20 | 20.0
Shields        | 4 5 |  5.0
Fighting       | 4 5 6 7 8 10 | 10.8
Armour         | 4 5 |  5.0
Dodging        | 1 4 5 7 8 |  8.6
Spellcasting   | 3 |  3.8

Action                   |  1- 3 |  4- 6 |  7- 9 | 10-12 | 13-15 || total
-------------------------+-------+-------+-------+-------+-------++-------
Melee: Flail             |    83 |   147 |    59 |       |       ||   289
       Headbutt          |    13 |    25 |    38 |    74 |    11 ||   161
       Great mace        |       |       |   147 |   410 |    62 ||   619
 Cast: Animate Skeleton  |       |       |       |       |     1 ||     1
Invok: Lunge             |       |       |     4 |    39 |     8 ||    51
       Whirlwind         |       |       |       |    43 |     4 ||    47
       Serpent's Lash    |       |       |       |       |     1 ||     1
  Use: Scroll            |       |     1 |     7 |     5 |       ||    13
       Potion            |       |       |       |     2 |       ||     2
 Stab: Petrified         |       |       |       |       |     2 ||     2
       Petrifying        |       |       |       |       |     1 ||     1
  Eat: Chunk             |     1 |     7 |    14 |    23 |     2 ||    47
       Ration            |       |       |       |     2 |       ||     2
Armor: Scale mail        |    45 |    53 |    42 |   108 |    43 ||   291
       Acid dragon scale |       |    19 |    46 |       |       ||    65
Dodge: Dodged            |    33 |    45 |   120 |   186 |    25 ||   409
       Deflected         |       |       |       |     7 |       ||     7
Block: Shield            |    44 |    76 |    21 |       |       ||   141

Table legend:
 A = Spawn XP
 B = Non-spawn XP
 C = Spawn XP percentage of total XP
 D = Spawn monster count
 E = Non-spawn monster count
 F = Spawn count percentage of total count
 G = Total turns spent on level
                    A         B        C        D         E        F      G
               +---------+---------+-------+---------+---------+-------+---------
         Total |       0 |   44446 |   0.0 |       0 |     370 |   0.0 | 18025
               +---------+---------+-------+---------+---------+-------+---------
           D:1 |       0 |      73 |   0.0 |       0 |      29 |   0.0 |   730
           D:2 |       0 |      46 |   0.0 |       0 |      18 |   0.0 |   786
           D:3 |       0 |     357 |   0.0 |       0 |      27 |   0.0 |  1092
           D:4 |       0 |     291 |   0.0 |       0 |      14 |   0.0 |  1381
           D:5 |       0 |    1064 |   0.0 |       0 |      24 |   0.0 |  1567
           D:6 |       0 |    1170 |   0.0 |       0 |      35 |   0.0 |  1073
           D:7 |       0 |     664 |   0.0 |       0 |      16 |   0.0 |   686
           D:8 |       0 |    2935 |   0.0 |       0 |      24 |   0.0 |  1056
           D:9 |       0 |     821 |   0.0 |       0 |      22 |   0.0 |   786
          D:10 |       0 |    4276 |   0.0 |       0 |      36 |   0.0 |  1237
        Lair:1 |       0 |    8498 |   0.0 |       0 |      36 |   0.0 |  2017
        Lair:2 |       0 |    3664 |   0.0 |       0 |      17 |   0.0 |  1810
        Lair:3 |       0 |    3862 |   0.0 |       0 |      14 |   0.0 |   918
        Lair:4 |       0 |    3487 |   0.0 |       0 |      15 |   0.0 |  1074
        Lair:5 |       0 |   12771 |   0.0 |       0 |      42 |   0.0 |  1577
        Lair:6 |       0 |     467 |   0.0 |       0 |       1 |   0.0 |    35
               +---------+---------+-------+---------+---------+-------+---------
